 Dungeon Crawl Stone Soup version 0.30-a0-381-g6ea064c7b4 (webtiles) character file.

Game seed: 737218134400227892

97 qeuew the Digger (level 4, -7/26 HPs)
             Began as a Gargoyle Earth Elementalist on Dec 1, 2022.
             Blown up by Ijyb (13 damage)
             ... with a mindburst bolt
             ... on level 3 of the Dungeon.
             The game lasted 00:02:53 (1927 turns).

qeuew the Digger (Gargoyle Earth Elementalist)      Turns: 1927, Time: 00:02:54

Health: -7/26      AC:  9    Str: 14    XL:     4   Next: 68%
Magic:  5/7        EV: 10    Int: 21    God:
Gold:   56         SH:  0    Dex: 10    Spells: 7/8 levels left

rFire   . . .      SeeInvis .    (no weapon)
rCold   . . .      Faith    .    (no shield)
rNeg    + . .      Spirit   .    g - +1 ring mail
rPois   ∞          Reflect  .    (no helmet)
rElec   +          Harm     .    (no cloak)
rCorr   .          Rampage  .    (no gloves)
Will    .....                    (no boots)
Stlth   +.........               (no amulet)
HPRegen 0.24/turn                f - +6 ring of intelligence
MPRegen 0.10/turn                (no ring)

@: no status effects
A: sickness immunity, AC +3, negative energy resistance 1, electricity
resistance, torment resistance 1, petrification resistance
a: no special abilities


You were on level 3 of the Dungeon.
You visited 1 branch of the dungeon, and saw 3 of its levels.

You collected 56 gold pieces.

Inventory:

Armour
 g - a +1 ring mail (worn)
Jewellery
 f - a +6 ring of intelligence (left hand)
Scrolls
 a - a scroll of enchant armour
 k - 2 scrolls of teleportation
Potions
 b - a potion of magic


   Skills:
 + Level 1.8 Fighting
 + Level 1.7 Armour
 + Level 2.2 Dodging
 - Level 2.1 Stealth
 + Level 2.6 Spellcasting
 - Level 0.7 Transmutations
 + Level 4.3 Earth Magic


You had 7 spell levels left.
You knew the following spells:

 Your Spells              Type           Power      Damage    Failure   Level
a - Sandblast             Erth           40%        2d10      4%          1

Your spell library contained the following spells:

 Spells                   Type           Power      Damage    Failure   Level
 Passwall                 Tmut/Erth      10%        N/A       16%         2
 Stone Arrow              Conj/Erth      22%        3d8       34%         3
 Static Discharge         Conj/Air       4%         2-3/arc   38%         2
 Vhi's Electric Charge    Tloc/Air       4%         N/A       63%         3
 Petrify                  Tmut/Erth      13%        N/A       69%         4
 Arcjolt                  Conj/Air       1%         1d11      100%        5
 Lightning Bolt           Conj/Air       1%         1d12      100%        5


Dungeon Overview and Level Annotations

Branches:
Dungeon (3/15)

Altars:
Ru

Annotations:
D:3 Ijyb


Innate Abilities, Weirdness & Mutations

You are immune to sickness and miasma.
Your stone body is resilient. (AC +3)
You are immune to poison.
You resist negative energy. (rN+)
You are resistant to electric shocks. (rElec)
You are resistant to unholy torment.
You are immune to petrification.


Message History

An adder is nearby!
You can't see any susceptible monsters within range! (Use Z to cast anyway.)
The blast of sand hits the adder!
The adder is almost dead.
An adder is nearby!
You miscast Sandblast.
You are very lightly contaminated with residual magic.
Nothing appears to happen.
The adder barely misses you.
You hit the adder.
You kill the adder!
Your magical contamination has completely faded away.
Magic restored.
Ijyb the Twisted Goblin comes into view.
She is wielding a +0 dagger and carrying a wand of mindburst (8).
Ijyb shouts!
You can't see any susceptible monsters within range! (Use Z to cast anyway.) Ijyb is nearby!
Ijyb zaps a wand.
You barely resist.
You can't see any susceptible monsters within range! (Use Z to cast anyway.) Ijyb is nearby!
The blast of sand hits Ijyb.
Ijyb is moderately wounded.
Ijyb zaps a wand.
Your mind is blasted!
Ijyb is nearby!
Ijyb zaps a wand.
Your mind is blasted!
Ouch! That really hurt!
* * * LOW HITPOINT WARNING * * *
You are too injured to fight recklessly!
You are too injured to fight recklessly!
You are too injured to fight recklessly!
You are too injured to fight recklessly!
You are too injured to fight recklessly!
Okay, then.
Aiming: Sandblast (safe; 4% risk of failure)
Press: ? - help, Q - select action Shift-Dir - straight line, f/p - Ijyb
Aim: Ijyb, wielding a +0 dagger, wearing a +0 ring mail and carrying a wand of mindburst (5) (moderately wounded, 81% to hit)
The blast of sand hits Ijyb!
Ijyb is heavily wounded.
Ijyb zaps a wand.
Your mind is blasted!
Ouch! That really hurt!
You die...

#.........#
#......<..#
#.........#
#.........#
#.........#
##.......###
#..........#
#..........###
#.....@......#
#.....g...##..#
#.........#
#..#
##.......## #..
##......# ##
######.# .# ..


You could see Ijyb.

Vanquished Creatures
  6 adders
  4 dart slugs
  5 endoplasms (D:2)
  A giant cockroach (D:1)
  2 goblins (D:1)
  4 hobgoblins (D:2)
  3 kobolds
  A quokka (D:2)
  4 ball pythons
  4 frilled lizards
  4 rats
38 creatures vanquished.

Notes
Turn   | Place    | Note
-------+----------+-------------------------------------------
     0 | D:1      | qeuew the Gargoyle Earth Elementalist began the quest for
                  | the Orb.
     0 | D:1      | Reached XP level 1. HP: 10/10 MP: 3/3
   177 | D:1      | Reached XP level 2. HP: 16/16 MP: 3/5
  1136 | D:2      | Reached skill level 1 in Fighting
  1136 | D:2      | Reached skill level 1 in Armour
  1143 | D:2      | Reached XP level 3. HP: 20/20 MP: 3/6
  1194 | D:2      | Found a faded altar of an unknown god.
  1196 | D:2      | Reached skill level 4 in Earth Magic
  1256 | D:2      | Reached XP level 4. HP: 20/25 MP: 3/7
  1303 | D:2      | Prayed at the altar of an unknown god.
  1303 | D:2      | Became a worshipper of Ru the Awakened
  1321 | D:2      | Fell from the grace of Ru
  1922 | D:3      | Noticed Ijyb
  1927 | D:3      | Blown up by Ijyb

Illustrated notes

Levels and vault maps discovered:
D:1:      scummos_arrival_checkerplants, layout_basic
D:2:      layout_loops_ring, shapermc_ecumenical_altar_starsandcircs
D:3:      layout_rooms, mainiacjoe_overflow_boulevard, kennysheep_boxes,
          uniq_jessica, uniq_ijyb

Skill      XL: |  1  2  3 |
---------------+----------+-----
Fighting       | 1 |  1.8
Armour         | 1 |  1.7
Earth Magic    | 4 |  4.3
Dodging        | 2 |  2.2
Stealth        | |  2.1
Spellcasting   | |  2.6
Transmutations | |  0.7

Action                   |  1- 3 |  4- 6 || total
-------------------------+-------+-------++-------
Melee: Unarmed           |    35 |     2 ||    37
 Cast: Sandblast         |    33 |    14 ||    47
Invok: Renounce Religion |       |     1 ||     1
  Use: Scroll            |       |     6 ||     6
       Potion            |       |     1 ||     1
Armor: Ring mail         |    27 |     2 ||    29
Dodge: Dodged            |    32 |     4 ||    36

Table legend: (Time is in decaauts)
 A = Elapsed time spent in this place.
 B = Non-inter-level travel time spent in this place.
 C = Inter-level travel time spent in this place.
 D = Time resting spent in this place.
 E = Time spent auto-exploring this place.
 F = Levels seen in this place.
 G = Mean time per level.
                   A        B        C        D        E       F      G
               +--------+--------+--------+--------+--------+-----+--------+
         Total |   1952 |   1852 |    100 |      0 |   1614 |   3 |  650.7 |
       Dungeon |   1952 |   1852 |    100 |      0 |   1614 |   3 |  650.7 |
               +--------+--------+--------+--------+--------+-----+--------+

Top non-repeatable levels by time:
     D:2: 988 daAuts
     D:1: 934 daAuts
     D:3: 29 daAuts
